 Dungeon Crawl Stone Soup version 0.19.1-1-g22dce08 (console) character file.

1775 Kloppie the Fighter (level 8, 0/78 HPs)
             Began as a Red Draconian Berserker on Jan 19, 2017.
             Was an Elder of Trog.
             Slain by Joseph
             ... wielding a +0 quarterstaff
              (5 damage)
             ... on level 7 of the Dungeon.
             The game lasted 00:08:04 (6008 turns).

Kloppie the Fighter (Red Draconian Berserker)       Turns: 6008, Time: 00:08:05

Health: 0/78       AC:  8    Str: 20    XL:     8   Next: 80%
Magic:  8/8        EV:  7    Int: 12    God:    Trog [****..]
Gold:   200        SH:  0    Dex: 13    Spells: 0 memorised, 7 levels left

rFire  + . .     SeeInvis .     a - +0 hand axe
rCold  . . .     Gourm    .     (armour unavailable)
rNeg   . . .     Faith    .     (no shield)
rPois  .         Spirit   .     (helmet restricted)
rElec  .         Reflect  .     (no cloak)
rCorr  .         Harm     .     i - +0 pair of gloves
MR     .....                    v - +0 pair of boots
Stlth  +.........               (no amulet)
                                t - ring of flight
                                A - +5 ring of intelligence

@: exhausted, short of breath, held, slowed, very slow
A: breathe fire, unfitting armour, fire resistance 1, cold-blooded, AC +6
a: Breathe Fire, Berserk, Trog's Hand, Brothers in Arms, Burn Spellbooks,
Renounce Religion, Evoke Flight


You were on level 7 of the Dungeon.
You worshipped Trog.
Trog was greatly pleased with you.
You were hungry.

You visited 1 branch of the dungeon, and saw 7 of its levels.

You collected 317 gold pieces.
You spent 117 gold pieces at shops.

Inventory:

Hand Weapons
 a - a +0 hand axe (weapon)
Armour
 i - a +0 pair of gloves (worn)
 v - a +0 pair of boots (worn)
Jewellery
 t - a ring of flight (right hand)
 A - a +5 ring of intelligence (left hand)
Wands
 u - a wand of flame (8/48)
 x - a wand of flame (38/48)
 z - a wand of lightning (8/15)
Scrolls
 e - 3 scrolls of remove curse
 f - a scroll of fear
 g - a scroll of magic mapping
 l - a scroll of amnesia
 p - a scroll of recharging
 q - 3 scrolls of teleportation
 s - a scroll of noise {unknown}
 y - a scroll of fog {unknown}
 B - a scroll of enchant weapon {unknown}
 D - 2 scrolls of enchant armour {unknown}
Potions
 c - 3 potions of degeneration {unknown}
 h - a potion of cancellation
 k - 2 potions of might {unknown}
 m - 3 potions of flight {unknown}
 w - 2 potions of lignification {unknown}
Comestibles
 b - 3 bread rations
 d - 3 fruits
 n - 3 chunks of flesh
 o - 3 meat rations
 r - 2 beef jerkies


   Skills:
 - Level 9.3 Fighting
 + Level 8.7 Axes
 + Level 2.7 Dodging


You had 7 spell levels left.
You didn't know any spells.

Dungeon Overview and Level Annotations

Branches:
Dungeon (7/15)             Temple (0/1) D:7

Altars:
Dithmenos
Elyvilon
Makhleb
Uskayaw
Vehumet
Xom

Shops:
D:4 [

Annotations:
D:7 Joseph


Innate Abilities, Weirdness & Mutations

You can breathe blasts of fire.
Your fiery red scales are hard. (AC +6)
You cannot fit into any form of body armour.
Your flesh is heat resistant. (rF+)
You are cold-blooded and may be slowed by cold attacks.


Message History

You feel as though you will be slow longer.
The gnoll sergeant freezes you.
* * * LOW HITPOINT WARNING * * *
The gnoll completely misses you. The gnoll sergeant barely misses you.
Joseph unwields an uncursed hunting sling of flaming.
It stops flaming.
Joseph wields an uncursed quarterstaff.
Joseph hits you with an uncursed quarterstaff!
* * * LOW HITPOINT WARNING * * *
You struggle against the net.
The gnoll hits you from afar with a spear.
* * * LOW HITPOINT WARNING * * *
The gnoll sergeant hits you from afar with a spear of freezing.
* * * LOW HITPOINT WARNING * * *
You feel as though you will be slow longer.
The gnoll sergeant freezes you.
* * * LOW HITPOINT WARNING * * *
The gnoll hits you from afar with a halberd.
* * * LOW HITPOINT WARNING * * *
Joseph hits you with an uncursed quarterstaff.
You die...

.>..............<
#######.#.......#
#....####.#
##.....## #
##รท........ ...
##..####.....
....####..####
####.
.............#
..#.....@###.#####
##(....@g.......
##...#gg.......
#####.........
..........
#########.. #


You could see Joseph, a gnoll sergeant and 2 gnolls.

Vanquished Creatures
  The ghost of fatfloppyjuicyveiny the Basher, an amateur OgBe of Trog (D:5)
  A hippogriff (D:6)
  Menkaure (D:6)
  2 black bears
  An ogre (D:5)
  A centaur (D:6)
  A bullfrog (D:6)
  2 scorpions (D:6)
  A howler monkey (D:5)
  2 electric eels (D:7)
  2 crimson imps
  A hound (D:4)
  An orc priest (D:3)
  5 orc wizards
  An iguana (D:6)
  2 worker ants
  A hound zombie (D:3)
  A worker ant zombie (D:5)
  9 adders
  A gnoll (D:7)
  A shadow imp (D:5)
  An ooze (D:1)
  An adder skeleton (D:6)
  5 worms
  8 dart slugs
  3 leopard geckos
  21 orcs
  9 bats
  6 giant cockroaches
  7 goblins
  4 hobgoblins
  7 jackals
  2 quokkas
  7 frilled lizards
  7 kobolds
  8 rats
134 creatures vanquished.

Notes
Turn   | Place    | Note
-------+----------+-------------------------------------------
     0 | D:1      | Kloppie the Draconian Berserker began the quest for the Orb.
     0 | D:1      | Reached XP level 1. HP: 19/19 MP: 1/1
   219 | D:1      | Reached XP level 2. HP: 10/26 MP: 2/2
   716 | D:1      | Reached ** piety under Trog
   762 | D:1      | Reached skill level 4 in Fighting
   762 | D:1      | Reached XP level 3. HP: 24/33 MP: 3/3
  1494 | D:2      | Reached XP level 4. HP: 35/40 MP: 4/4
  1708 | D:2      | Found a shadowy altar of Dithmenos.
  2412 | D:3      | Reached XP level 5. HP: 47/47 MP: 5/5
  2629 | D:3      | Reached skill level 5 in Fighting
  2778 | D:3      | Found a faded altar of an unknown god.
  2879 | D:3      | Found a burning altar of Makhleb.
  2880 | D:3      | Found a shimmering altar of Xom.
  2891 | D:3      | Reached skill level 5 in Axes
  3028 | D:4      | Reached *** piety under Trog
  3028 | D:4      | Reached XP level 6. HP: 30/57 MP: 6/6
  3409 | D:4      | Found a radiant altar of Vehumet.
  3480 | D:4      | Reached skill level 6 in Fighting
  3523 | D:4      | Found Sosuc's Antique Armour Shoppe.
  3529 | D:4      | Bought a pair of boots for 117 gold pieces
  3724 | D:5      | Entered Level 5 of the Dungeon
  3857 | D:5      | Your scales start taking on a fiery red colour.
  3857 | D:5      | Reached XP level 7. HP: 58/64 MP: 7/7
  3857 | D:5      | Gained mutation: Your flesh is heat resistant. (rF+) [Red Draconian growth]
  3969 | D:5      | Noticed fatfloppyjuicyveiny's ghost (amateur OgBe)
  3985 | D:5      | Killed fatfloppyjuicyveiny's ghost
  3985 | D:5      | Reached skill level 7 in Fighting
  4267 | D:6      | Found a white marble altar of Elyvilon.
  4317 | D:6      | Reached XP level 8. HP: 58/74 MP: 8/8
  4406 | D:6      | Got a dazzling long sword
  4407 | D:6      | Identified the cursed +0 long sword of Fate {protect, rF++ Int+3 Dex-4 Stlth+} (You found it on level 6 of the Dungeon)
  4495 | D:6      | Found a hide-covered altar of Uskayaw.
  4539 | D:6      | Noticed Menkaure
  4545 | D:6      | Killed Menkaure
  4545 | D:6      | Reached skill level 8 in Fighting
  5063 | D:6      | Reached **** piety under Trog
  5682 | D:7      | Noticed a hippogriff
  5697 | D:6      | Killed a hippogriff
  5697 | D:6      | Reached skill level 9 in Fighting
  5965 | D:7      | Found a staircase to the Ecumenical Temple.
  5987 | D:7      | Noticed Joseph
  6008 | D:7      | Slain by Joseph

Skill      XL: |  1  2  3  4  5  6  7  8 |
---------------+-------------------------+-----
Fighting       | 4 5 6 7 9 |  9.3
Axes           | 4 5 6 7 8 |  8.7
Dodging        | |  2.7

Action                   |  1- 3 |  4- 6 |  7- 9 || total
-------------------------+-------+-------+-------++-------
Melee: Hand axe          |   118 |   206 |   170 ||   494
       Tailslap          |    13 |    28 |    28 ||    69
Invok: Berserk           |       |     2 |     6 ||     8
 Abil: Breathe Fire      |       |       |     2 ||     2
  Use: Scroll            |       |       |     8 ||     8
       Potion            |       |       |     6 ||     6
 Stab: Sleeping          |     2 |     2 |       ||     4
  Eat: Chunk             |     2 |    10 |     7 ||    19
       Meat ration       |       |       |     1 ||     1
Armor: Skin              |    55 |    51 |    44 ||   150
Dodge: Dodged            |    73 |   134 |   106 ||   313
